| TOP OF THE 1ST |
|
Indianapolis Indians batting - Pitching for Sacramento River Cats : RHP John Delaney
|
|
Pitching: RHP John Delaney
|
|
|
Batting: LHB Alberto Figueroa
|
0-0: Called Strike 0-1: Foul Ball, location: 2F 0-2: Strikes out looking
|
|
Batting: RHB Bubba Tierney
|
0-0: Foul Ball, location: 2F 0-1: Ball 1-1: Foul Ball, location: 2F 1-2: Fly out, F9 (Flyball, 9D, EV 96.9 MPH)
|
|
Batting: RHB Dave Fredericks
|
0-0: Called Strike 0-1: Swinging Strike 0-2: Ball 1-2: Ball 2-2: Strikes out swinging
|
| Top of the 1st over - 0 runs, 0 hits, 0 errors, 0 left on base; Indianapolis 0 - Sacramento 0 |
| BOTTOM OF THE 1ST |
|
Sacramento River Cats batting - Pitching for Indianapolis Indians : RHP Antonio Alvarez
|
|
Pitching: RHP Antonio Alvarez
|
|
|
Batting: SHB Carlos Rodriguez
|
0-0: Ground out 4-3 (Groundball, 4, EV 85.0 MPH)
|
|
Batting: RHB Sterling Acosta
|
0-0: Called Strike 0-1: Ball 1-1: Foul Ball, location: 2F 1-2: Ball 2-2: Fly out, F9 (Flyball, 9LM, EV 91.2 MPH)
|
|
Batting: RHB Brian Rogers
|
0-0: Fly out, F9 (Flyball, 89S, EV 91.2 MPH)
|
| Bottom of the 1st over - 0 runs, 0 hits, 0 errors, 0 left on base; Indianapolis 0 - Sacramento 0 |
| TOP OF THE 2ND |
|
Indianapolis Indians batting - Pitching for Sacramento River Cats : RHP John Delaney
|
|
Batting: RHB Chris Pozzi
|
0-0: Ball 1-0: Ball 2-0: Called Strike 2-1: Called Strike 2-2: Fly out, F9 (Flyball, 9D, EV 103.1 MPH)
|
|
Batting: LHB Jorge Quintana
|
0-0: Called Strike 0-1: Foul Ball, location: 2F 0-2: Ground out 1-3 (Groundball, 34S, EV 65.6 MPH)
|
|
Batting: RHB Hugo Zacarias
|
0-0: Called Strike 0-1: Ball 1-1: Foul Ball, location: 2F 1-2: Foul Ball, location: 2F 1-2: Strikes out looking
|
| Top of the 2nd over - 0 runs, 0 hits, 0 errors, 0 left on base; Indianapolis 0 - Sacramento 0 |
| BOTTOM OF THE 2ND |
|
Sacramento River Cats batting - Pitching for Indianapolis Indians : RHP Antonio Alvarez
|
|
Batting: SHB Francisco Gutierrez
|
0-0: Ball 1-0: Swinging Strike 1-1: Foul Ball, location: 2F 1-2: Foul Ball, location: 2F 1-2: Strikes out swinging
|
|
Batting: LHB Dillon Gonzalez
|
0-0: Ball 1-0: Foul Ball, location: 2F 1-1: Ground out 4-3 (Groundball, 4M, EV 81.9 MPH)
|
|
Batting: RHB Justin Bonner
|
0-0: Ball 1-0: Ball 2-0: Called Strike 2-1: Foul Ball, location: 2F 2-2: Foul Ball, location: 2F 2-2: Strikes out swinging
|
| Bottom of the 2nd over - 0 runs, 0 hits, 0 errors, 0 left on base; Indianapolis 0 - Sacramento 0 |
| TOP OF THE 3RD |
|
Indianapolis Indians batting - Pitching for Sacramento River Cats : RHP John Delaney
|
|
Batting: LHB Gregg Kellerman
|
0-0: Ball 1-0: Ball 2-0: Called Strike 2-1: Reached on error, E4 (Groundball, 34D, EV 80.6 MPH)
|
|
Batting: LHB Donald Imre
|
0-0: Ball 1-0: Foul Ball, location: 2F 1-1: Swinging Strike 1-2: Strikes out swinging
|
|
Batting: RHB Nick Wicker
|
0-0: Called Strike 0-1: DOUBLE (Line Drive, 3D, EV 100.0 MPH) Gregg Kellerman scores
|
|
Batting: LHB Alberto Figueroa
|
0-0: Called Strike 0-1: Called Strike 0-2: Ball 1-2: Strikes out looking
|
|
Batting: RHB Bubba Tierney
|
0-0: Ball 1-0: Foul Ball, location: 2F 1-1: Ball 2-1: Foul Ball, location: 2F 2-2: Ground out 1-3 (Groundball, 15S, EV 70.0 MPH)
|
| Top of the 3rd over - 1 run, 1 hit, 1 error, 1 left on base; Indianapolis 1 - Sacramento 0 |
| BOTTOM OF THE 3RD |
|
Sacramento River Cats batting - Pitching for Indianapolis Indians : RHP Antonio Alvarez
|
|
Batting: RHB Tyler Mapes
|
0-0: Ball 1-0: Ground out 6-3 (Groundball, 6, EV 98.1 MPH)
|
|
Batting: LHB Franklin Quezada
|
0-0: Ground out 5-3 (Groundball, 56, EV 82.5 MPH)
|
|
Batting: RHB Carlos Talavera
|
0-0: Called Strike 0-1: Ground out 4-3 (Groundball, 4M, EV 106.2 MPH)
|
| Bottom of the 3rd over - 0 runs, 0 hits, 0 errors, 0 left on base; Indianapolis 1 - Sacramento 0 |
| TOP OF THE 4TH |
|
Indianapolis Indians batting - Pitching for Sacramento River Cats : RHP John Delaney
|
|
Batting: RHB Dave Fredericks
|
0-0: Ball 1-0: Ball 2-0: Ball 3-0: Base on Balls
|
|
Batting: RHB Chris Pozzi
|
0-0: Swinging Strike 0-1: Ball 1-1: Ball 2-1: Ball 3-1: Base on Balls Dave Fredericks to second
|
|
Batting: LHB Jorge Quintana
|
0-0: SINGLE (Groundball, 34D, EV 103.8 MPH) Dave Fredericks to third Chris Pozzi to second Runner from 3rd tries for Home, SAFE, throw by RF to home
|
|
Batting: RHB Hugo Zacarias
|
0-0: Ball 1-0: Called Strike 1-1: Fielders Choice at 2nd, 4-6 (Groundball, 4, EV 82.5 MPH) Chris Pozzi to third
|
|
Batting: LHB Gregg Kellerman
|
0-0: Called Strike 0-1: Foul Ball, location: 2F 0-2: Foul Ball, location: 2F 0-2: Strikes out swinging
|
|
Batting: LHB Donald Imre
|
0-0: Called Strike 0-1: Foul Ball, location: 2F 0-2: Ball 1-2: Fielders Choice at 2nd, 6-4 (Groundball, 6, EV 82.5 MPH)
|
| Top of the 4th over - 1 run, 1 hit, 0 errors, 2 left on base; Indianapolis 2 - Sacramento 0 |
| BOTTOM OF THE 4TH |
|
Sacramento River Cats batting - Pitching for Indianapolis Indians : RHP Antonio Alvarez
|
|
Batting: SHB Carlos Rodriguez
|
0-0: Called Strike 0-1: Fly out, F7 (Flyball, 7, EV 83.1 MPH)
|
|
Batting: RHB Sterling Acosta
|
0-0: Ball 1-0: Foul Ball, location: 2F 1-1: Ball 2-1: Foul Ball, location: 2F 2-2: Strikes out looking
|
|
Batting: RHB Brian Rogers
|
0-0: Ball 1-0: Foul Ball, location: 2F 1-1: Ground out 6-3 (Groundball, 6, EV 84.4 MPH)
|
| Bottom of the 4th over - 0 runs, 0 hits, 0 errors, 0 left on base; Indianapolis 2 - Sacramento 0 |
| TOP OF THE 5TH |
|
Indianapolis Indians batting - Pitching for Sacramento River Cats : RHP John Delaney
|
|
Batting: RHB Nick Wicker
|
0-0: Ball 1-0: Ball 2-0: Fly out, F8 (Flyball, 8LD, EV 84.4 MPH)
|
|
Batting: LHB Alberto Figueroa
|
0-0: Ball 1-0: Ball 2-0: Ball 3-0: Called Strike 3-1: Foul Ball, location: 2F 3-2: Base on Balls
|
|
Batting: RHB Bubba Tierney
|
0-0: Called Strike Alberto Figueroa steals 2nd base 0-1: Ball 1-1: Ground out 4-3 (Groundball, 4S, EV 91.9 MPH) Alberto Figueroa to third
|
|
Batting: RHB Dave Fredericks
|
0-0: Called Strike 0-1: Ball 1-1: Called Strike 1-2: Strikes out swinging
|
| Top of the 5th over - 0 runs, 0 hits, 0 errors, 1 left on base; Indianapolis 2 - Sacramento 0 |
| BOTTOM OF THE 5TH |
|
Sacramento River Cats batting - Pitching for Indianapolis Indians : RHP Antonio Alvarez
|
|
Batting: SHB Francisco Gutierrez
|
0-0: SINGLE (Line Drive, 4D, EV 105.6 MPH)
|
|
Batting: LHB Dillon Gonzalez
|
0-0: Ball 1-0: Ball 2-0: Ball 3-0: Base on Balls Francisco Gutierrez to second
|
|
Batting: RHB Justin Bonner
|
0-0: Swinging Strike 0-1: Ball 1-1: Called Strike Francisco Gutierrez steals 3rd base (no throw) Dillon Gonzalez to second 1-2: Foul Ball, location: 2F 1-2: Ground out 4-3 (Groundball, 4, EV 85.0 MPH) Francisco Gutierrez scores Dillon Gonzalez to third
|
|
Pinch Hitting: LHB Pauli Gassinger
|
0-0: Ball 1-0: Called Strike 1-1: Ball 2-1: Ball 3-1: Base on Balls
|
|
Batting: LHB Franklin Quezada
|
0-0: Fly out, F7 (Flyball, 7, EV 83.1 MPH) Runner from 3rd tags up, OUT at HOME! 7-2
|
| Bottom of the 5th over - 1 run, 1 hit, 0 errors, 1 left on base; Indianapolis 2 - Sacramento 1 |
| TOP OF THE 6TH |
|
Indianapolis Indians batting - Pitching for Sacramento River Cats : RHP John Delaney
|
|
Now at 2B: Steve Jones
|
|
|
Now at 3B: Justin Bonner
|
|
|
Batting: RHB Chris Pozzi
|
0-0: Ground out 5-3 (Groundball, 56, EV 85.6 MPH)
|
|
Batting: LHB Jorge Quintana
|
0-0: Ball 1-0: Called Strike 1-1: Ground out 5-3 (Groundball, 56, EV 101.9 MPH)
|
|
Batting: RHB Hugo Zacarias
|
0-0: Swinging Strike 0-1: Foul Ball, location: 2F 0-2: Ball 1-2: Ball 2-2: SINGLE (Groundball, 6MD, EV 96.2 MPH)
|
|
Batting: LHB Gregg Kellerman
|
0-0: Ball 1-0: SINGLE (Line Drive, 6MD, EV 94.4 MPH) Hugo Zacarias to second Runner from 2nd tries for 3rd, SAFE, throw by CF made to third
|
|
Batting: LHB Donald Imre
|
0-0: Called Strike 0-1: Ball 1-1: DOUBLE (Line Drive, 8LXD, EV 112.5 MPH) Hugo Zacarias scores Gregg Kellerman to third
|
|
Batting: RHB Nick Wicker
|
0-0: Ball 1-0: Foul Ball, location: 2F 1-1: Called Strike 1-2: Strikes out swinging
|
| Top of the 6th over - 1 run, 3 hits, 0 errors, 2 left on base; Indianapolis 3 - Sacramento 1 |
| BOTTOM OF THE 6TH |
|
Sacramento River Cats batting - Pitching for Indianapolis Indians : RHP Antonio Alvarez
|
|
Batting: RHB Carlos Talavera
|
0-0: Ball 1-0: Ball 2-0: Called Strike 2-1: Called Strike 2-2: Ground out 4-3 (Groundball, 34, EV 89.4 MPH)
|
|
Batting: SHB Carlos Rodriguez
|
0-0: Called Strike 0-1: Ball 1-1: Ball 2-1: Foul Ball, location: 2F 2-2: Fly out, F8 (Flyball, 89D, EV 98.8 MPH)
|
|
Batting: RHB Sterling Acosta
|
0-0: Ground out 5-3 (Groundball, 56, EV 87.5 MPH)
|
| Bottom of the 6th over - 0 runs, 0 hits, 0 errors, 0 left on base; Indianapolis 3 - Sacramento 1 |
| TOP OF THE 7TH |
|
Indianapolis Indians batting - Pitching for Sacramento River Cats : RHP John Delaney
|
|
Pitching: LHP Mike del Rio
|
|
|
Batting: LHB Alberto Figueroa
|
0-0: Ball 1-0: Ball 2-0: DOUBLE (Line Drive, 9LS, EV 107.5 MPH)
|
|
Batting: RHB Bubba Tierney
|
0-0: Swinging Strike 0-1: Foul Ball, location: 2F 0-2: Ball 1-2: Strikes out swinging
|
|
Batting: RHB Dave Fredericks
|
0-0: Swinging Strike 0-1: Ball 1-1: Ball 2-1: Foul Ball, location: 2F 2-2: Foul Ball, location: 2F 2-2: Strikes out swinging
|
|
Batting: RHB Chris Pozzi
|
0-0: Intentional Walk
|
|
Batting: LHB Jorge Quintana
|
0-0: Called Strike 0-1: Called Strike 0-2: Ball 1-2: Ground out 4-3 (Groundball, 4D, EV 100.0 MPH)
|
| Top of the 7th over - 0 runs, 1 hit, 0 errors, 2 left on base; Indianapolis 3 - Sacramento 1 |
| BOTTOM OF THE 7TH |
|
Sacramento River Cats batting - Pitching for Indianapolis Indians : RHP Antonio Alvarez
|
|
Batting: RHB Brian Rogers
|
0-0: Called Strike 0-1: Ball 1-1: Ground out 5-3 (Groundball, 56S, EV 71.2 MPH)
|
|
Batting: SHB Francisco Gutierrez
|
0-0: Fly out, F8 (Flyball, 78M, EV 69.4 MPH)
|
|
Batting: LHB Dillon Gonzalez
|
0-0: Ground out 5-3 (Groundball, 56S, EV 68.1 MPH)
|
| Bottom of the 7th over - 0 runs, 0 hits, 0 errors, 0 left on base; Indianapolis 3 - Sacramento 1 |
| TOP OF THE 8TH |
|
Indianapolis Indians batting - Pitching for Sacramento River Cats : LHP Mike del Rio
|
|
Batting: RHB Hugo Zacarias
|
0-0: Ground out 6-3 (Groundball, 6, EV 82.5 MPH)
|
|
Batting: LHB Gregg Kellerman
|
0-0: Swinging Strike 0-1: Swinging Strike 0-2: Foul Ball, location: 2F 0-2: Fly out, F8 (Line Drive, 78M, EV 97.5 MPH)
|
|
Batting: LHB Donald Imre
|
0-0: Ball 1-0: Ball 2-0: Called Strike 2-1: Ball 3-1: Ground out 6-3 (Groundball, 6, EV 106.2 MPH)
|
| Top of the 8th over - 0 runs, 0 hits, 0 errors, 0 left on base; Indianapolis 3 - Sacramento 1 |
| BOTTOM OF THE 8TH |
|
Sacramento River Cats batting - Pitching for Indianapolis Indians : RHP Antonio Alvarez
|
|
Batting: RHB Justin Bonner
|
0-0: SOLO HOME RUN (Flyball, 8LXD, EV 109.4 MPH), Distance : 450 ft
|
|
Pinch Hitting: LHB Mason Duffy
|
0-0: Ball 1-0: Ball 2-0: Ball 3-0: Called Strike 3-1: Called Strike 3-2: DOUBLE (Line Drive, 7LM, EV 96.9 MPH)
|
|
Batting: LHB Franklin Quezada
|
0-0: Ball 1-0: Ball 2-0: Called Strike 2-1: Foul Ball, location: 2F 2-2: SINGLE (Line Drive, 4D, EV 96.9 MPH) Mason Duffy to third Runner from 3rd tries for Home, SAFE, throw by CF to home
|
|
Batting: RHB Carlos Talavera
|
0-0: DOUBLE (Line Drive, 8LXD, EV 108.1 MPH) Franklin Quezada to third
|
|
Batting: SHB Carlos Rodriguez
|
0-0: Ball 1-0: Called Strike 1-1: Ball 2-1: Foul Ball, location: 2F 2-2: Ball 3-2: Foul Ball, location: 2F 3-2: Foul Ball, location: 2F 3-2: Foul Ball, location: 2F 3-2: Base on Balls
|
|
Batting: RHB Sterling Acosta
|
0-0: Ball 1-0: Called Strike 1-1: Ball 2-1: Called Strike 2-2: Strikes out swinging
|
|
Batting: RHB Brian Rogers
|
0-0: Fly out, F8 (Flyball, 89XD, EV 87.5 MPH) Runner from 3rd tags up, SCORES, no throw by CF
|
|
Batting: SHB Francisco Gutierrez
|
0-0: Swinging Strike 0-1: Foul Ball, location: 2F 0-2: Strikes out swinging
|
| Bottom of the 8th over - 3 runs, 4 hits, 0 errors, 2 left on base; Indianapolis 3 - Sacramento 4 |
| TOP OF THE 9TH |
|
Indianapolis Indians batting - Pitching for Sacramento River Cats : LHP Mike del Rio
|
|
Pitching: RHP Harry Dickson
|
|
|
Now at 1B: Jose Rivera
|
|
|
Now at 2B: Francisco Gutierrez
|
|
|
Pinch Hitting: LHB Edwin Aguilar
|
0-0: Ball 1-0: Foul Ball, location: 2F 1-1: Ball 2-1: Foul Ball, location: 2F 2-2: Strikes out swinging
|
|
Batting: LHB Alberto Figueroa
|
0-0: Called Strike 0-1: Fly out, F8 (Flyball, 8RD, EV 85.0 MPH)
|
|
Batting: RHB Bubba Tierney
|
0-0: Ball 1-0: Called Strike 1-1: Foul Ball, location: 2F 1-2: Ball 2-2: Strikes out swinging
|
| Top of the 9th over - 0 runs, 0 hits, 0 errors, 0 left on base; Indianapolis 3 - Sacramento 4 |
|